 Seeded DCSS version 0.30.1-4-g462c640d31 (webtiles) character file.

Game seed: 15140874439476535185 (custom seed)

8234 Psyclone the Destroyer (level 11, -17/81 (84) HPs)
             Began as an Octopode Conjurer on Sept 18, 2023.
             Was an Initiate of Gozag.
             Demolished by a spectral orc warlord
             ... wielding a +1 great sword of venom
             ... summoned by Nergalle
              (20 damage)
             ... on level 10 of the Dungeon.
             The game lasted 00:53:55 (12731 turns).

Psyclone the Destroyer (Octopode Conjurer)         Turns: 12731, Time: 00:53:55

HP:   -17/81 (84)   AC:  1    Str: 11    XL:     11   Next: 27%
MP:   19/30         EV: 16    Int: 24    God:    Gozag
Gold: 665           SH:  7    Dex: 15    Spells: 11/23 levels left

rFire   . . .        a - +1 dagger (protect)
rCold   + . .        R - +3 buckler of Hufac {rC+}
rNeg    . . .        (helmet restricted)
rPois   .            B - amulet of magic regeneration
rElec   .            z - ring of the Mage {Wiz Archmagi}
rCorr   +            C - ring of see invisible
SInv    +            D - ring of magical power
Will    .....        G - +6 ring of dexterity
Stlth   +++          N - ring of Elyvilon's Respect {Wiz +Blink Will- rCorr Slay+6}
HPRegen 0.33/turn    (no ring)
MPRegen 0.62/turn    (no ring)
                     (no ring)

%: wizardry (x2), archmagi
@: very slightly contaminated, lightly drained
A: almost no armour, amphibious, 8 rings, camouflage 1, gelatinous body 1,
(nimble swimmer 1), tentacles, robust 1, strong 1
a: Renounce Religion, Evoke Blink, Potion Petition, Call Merchant, Bribe Branch


You were on level 10 of the Dungeon.
You worshipped Gozag.
Gozag was pleased with you.
You visited 2 branches of the dungeon, and saw 11 of its levels.
You also visited: Ossuary.

You collected 2400 gold pieces.
You spent 1711 gold pieces at shops.
You paid 24 gold pieces to Gozag.

Inventory:

Hand Weapons
 a - a +1 dagger of protection (weapon)
Missiles
 F - a throwing net {!f}
Armour
 R - the +3 buckler of Hufac (worn) {rC+}
   (You acquired it on level 9 of the Dungeon)

   rC:        It protects you from cold.
 S - the +18 shield of the Gong {Loud rN+ Will+ rCorr EV-5}
   (You acquired it on level 9 of the Dungeon)

   Loud:      It is deafeningly noisy when blocking attacks.
   EV:        It affects your evasion (-5).
   rN:        It protects you from negative energy.
   rCorr:     It protects you from acid and corrosion.
   Will:      It increases your willpower.
Magical Staves
 t - a staff of poison
Jewellery
 s - a ring of ice
 z - the ring of the Mage (left tentacle) {Wiz Archmagi}
   (You bought it in a shop on level 3 of the Dungeon)

   [ring of wizardry]

   It improves your spell success rate.
   Archmagi:  It increases the power of your magical spells.
 B - an amulet of magic regeneration (around mantle)
 C - a ring of see invisible (right tentacle)
 D - a ring of magical power (on tentacle)
 G - a +6 ring of dexterity (on tentacle)
 N - the ring of Elyvilon's Respect (on tentacle) {Wiz +Blink Will- rCorr Slay+6}
   (You bought it in a shop on level 3 of the Dungeon)

   [ring of wizardry]

   It improves your spell success rate.
   Slay:      It affects your accuracy & damage with ranged weapons and melee
   (+6).
   +Blink:    It lets you blink.
   rCorr:     It protects you from acid and corrosion.
   Will:      It decreases your willpower.
Wands
 p - a wand of roots (21)
 u - a wand of polymorph (5)
 A - a wand of digging (3)
 O - a wand of flame (18)
 P - a wand of mindburst (11)
 Q - a wand of charming (1)
Scrolls
 b - 5 scrolls of teleportation
 c - 4 scrolls of fog
 e - a scroll of enchant weapon
 h - 3 scrolls of fear
 n - 2 scrolls of poison {unknown}
 v - a scroll of blinking
 x - a scroll of brand weapon {unknown}
 y - 4 scrolls of immolation {unknown}
 H - a scroll of enchant armour
 J - a scroll of summoning
 K - a scroll of silence {unknown}
Potions
 d - 3 potions of heal wounds
 f - 2 potions of ambrosia {unknown}
 g - 10 potions of curing
 i - 3 potions of resistance {unknown}
 j - 2 potions of haste {unknown}
 k - 2 potions of flight
 l - 2 potions of degeneration
 q - 3 potions of cancellation
 r - 2 potions of invisibility {unknown}
 w - a potion of attraction
 E - 4 potions of magic
 I - 2 potions of mutation
 L - a potion of lignification
 M - a potion of brilliance


   Skills:
 - Level 8.0 Fighting
 - Level 8.0 Dodging
 - Level 2.6 Stealth
 + Level 0.7 Shields
 + Level 6.8 Spellcasting
 - Level 8.0 Conjurations
 - Level 6.0 Hexes
 - Level 6.0 Transmutations


You had 11 spell levels left.
You knew the following spells:

 Your Spells              Type           Power      Damage    Failure   Level
a - Magic Dart            Conj           100%       1d8       1%          1
b - Searing Ray           Conj           100%       2d8       1%          2
d - Fulminant Prism       Conj/Hex       29%        3d14      1%          4
x - Irradiate             Conj/Tmut      29%        3d21      4%          5

Your spell library contained the following spells:

 Spells                   Type           Power      Damage    Failure   Level
 Passwall                 Tmut/Erth      27%        N/A       1%          2
 Wereblood                Tmut           53%        N/A       1%          2
 Dazzling Flash           Conj/Hex       100%       N/A       1%          3
 Stone Arrow              Conj/Erth      82%        3d12      1%          3
 Portal Projectile        Hex/Tloc       66%        N/A       2%          3
 Sandblast                Erth           24%        2d8       3%          1
 Sublimation of Blood     Necr           12%        N/A       4%          2
 Iskenderun's Mystic Bla  Conj/Tloc      41%        2d9       5%          4
 Call Canine Familiar     Summ           12%        N/A       9%          3
 Leda's Liquefaction      Hex/Erth       16%        N/A       9%          4
 Petrify                  Tmut/Erth      33%        N/A       9%          4
 Haunt                    Necr/Summ      6%         N/A       100%        7
 Summon Hydra             Summ           6%         N/A       100%        7
 Infestation              Necr           6%         N/A       100%        8
 Chain Lightning          Conj/Air       20%        3d27      100%        9
 Fire Storm               Conj/Fire      20%        8d5       100%        9
 Shatter                  Erth           6%         3d9*      100%        9
 Animate Dead             Necr           Unusable   N/A       N/A         4

Dungeon Overview and Level Annotations

Branches:
Dungeon (10/15) Zot: 26901  Temple (1/1) D:7 Zot: 5981    Lair (0/5) D:9
Ossuary (visited)
    Orc: D:9-12

Altars:
Ashenzari
Cheibriados
Dithmenos
Elyvilon
Fedhas
Gozag
Hepliaklqana
Kikubaaqudgha
Makhleb
Nemelex Xobeh
Okawaru
Ru
Sif Muna
Trog
Uskayaw
Vehumet
Wu Jian
Xom
Yredelemnul
Zin
The Shining One

Shops:
D:3 (=?==   D:7 *

Annotations:
D:8 3 runed translucent doors, exclusion: downstairs, Psyclone's ghost, novice OpCj
D:10 Nergalle; Snorg


Innate Abilities, Weirdness & Mutations

You cannot wear most types of armour.
You are amphibious.
You can wear up to eight rings at the same time.
Your skin changes colour to match your surroundings (Stealth+).
Your rubbery body absorbs attacks. (AC +1, EV +1)
((You are camouflaged when in or above water. (Stealth+)))
You have tentacles for arms and can constrict up to eight enemies at once.
You are robust. (+10% HP)
Your muscles are strong. (Str +4, Int/Dex -1)


Message History

You hear a shout! x2
Casting: Fulminant Prism (dangerous; 1% risk of failure)
Confirm with . or Enter, or press ? or * to list all spells.
Aiming: Fulminant Prism (dangerous; 1% risk of failure)
Press: ? - help, Dir - move target
Okay, then.
Nergalle gestures at you while chanting.
Orcish apparitions take form around you.
Casting: Fulminant Prism (dangerous; 1% risk of failure)
Confirm with . or Enter, or press ? or * to list all spells.
Aiming: Fulminant Prism (dangerous; 1% risk of failure)
Press: ? - help, Dir - move target You feel a surge of power!
You conjure a prism of explosive energy!
A fulminant prism comes into view.
You block Snorg's attack. Snorg barely misses you. Snorg closely misses you.
The spectral orc warlord hits you with a +1 great sword of venom!!
You take 22 damage, and have 52/84 hp.
MASSIVE DAMAGE!!
You now have 23/30 mp.
Snorg misses you. Snorg claws you! You block Snorg's attack. x2
Snorg barely misses you. You block Snorg's attack.
The spectral orc warlord hits you with a +1 great sword of venom!
* * * LOW HITPOINT WARNING * * *
You feel drained.
Your fulminant prism crackles loudly.
You take 32 damage, and have 20/81 hp.
MASSIVE DAMAGE!!
Casting: Fulminant Prism (dangerous; 1% risk of failure)
Confirm with . or Enter, or press ? or * to list all spells.
You feel a surge of power!
You erupt in a fountain of uncontrolled magic!
The spectral orc warlord is blasted with magical radiation!!
The spectral orc warlord is moderately damaged.
Snorg is blasted with magical radiation!!
Snorg is heavily wounded.
You are very lightly contaminated with residual magic.
You block Snorg's attack. Snorg claws you!!
* * * LOW HITPOINT WARNING * * *
You block Snorg's attack.
The spectral orc warlord hits you with a +1 great sword of venom!!
You die...
Your body crumbles into a pile of gold.

.... #....#
####. ...
#.#### #. ##
#.# #. #.# #.
#.# #. #.# #.
#.# #<
#.#########.#
#.
#..ZZ@TZ*o..#
#.
##########..#
#. .# #. $ #
#. #. #. $


You could see Snorg (berserk), Nergalle, a spectral orc (summoned), a spectral
orc knight (summoned, ally target), a spectral orc warlord (summoned) and a
friendly fulminant prism.

Vanquished Creatures
  Erolcha (D:9)
  An elephant (D:9)
  An ice statue (D:7)
  Joseph (D:9)
  Maggie (D:9)
  Grinder (D:3)
  A wyvern (D:9)
  5 yaks (D:9)
  2 basilisks (D:9)
  A steam dragon (D:7)
  An acid dragon (D:6)
  2 water moccasins
  A black bear (D:5)
  Duvessa (D:7)
  4 ice beasts
  5 orc warriors
  A sky beast (D:6)
  4 ogres
  3 centaurs
  A phantom (D:4)
  2 bullfrogs
  A scorpion (D:6)
  2 gnoll sergeants
  2 water moccasin zombies (Ossuary)
  Dowan (D:7)
  14 killer bees
  2 howler monkeys
  A jelly (D:7)
  3 centaur zombies (Ossuary)
  8 bullfrog zombies (Ossuary)
  2 hounds
  2 gnoll boudas
  5 orc priests
  11 mummies (Ossuary)
  3 iguanas
  9 orc wizards
  3 sleepcaps
  3 killer bee zombies (Ossuary)
  15 gnolls
  3 howler monkey zombies (Ossuary)
  8 adders
  A shadow imp (D:6)
  A white imp (D:6)
  2 ufetubi
  A worm zombie (D:8)
  A worm (D:2)
  6 dart slugs
  24 orcs
  5 bats
  14 endoplasms
  5 goblins
  8 hobgoblins
  5 jackals
  7 kobolds
  4 quokkas
  3 ball pythons
  2 frilled lizards
  11 rats
  A spectral orc (D:7)
239 creatures vanquished.

Vanquished Creatures (others)
  An orc (D:7)
  55 fulminant prisms
56 creatures vanquished.

Grand Total: 295 creatures vanquished

Notes
Turn   | Place    | Note
-------+----------+-------------------------------------------
     0 | D:1      | Psyclone the Octopode Conjurer began the quest for the Orb.
     0 | D:1      | Reached XP level 1. HP: 11/11 MP: 3/3
   220 | D:1      | Reached XP level 2. HP: 17/17 MP: 3/5
   334 | D:2      | Found an opulent altar of Gozag.
   339 | D:2      | Found a faded altar of an unknown god.
   342 | D:2      | Became a worshipper of Gozag Ym Sagoz the Greedy
   492 | D:1      | Reached XP level 3. HP: 21/21 MP: 0/6
   519 | D:1      | Reached skill level 5 in Conjurations
  2196 | D:2      | Reached XP level 4. HP: 27/27 MP: 1/7
  2483 | D:2      | Learned a level 2 spell: Searing Ray
  2488 | D:2      | Learned a level 4 spell: Fulminant Prism
  2543 | D:2      | Gained mutation: Your muscles are strong. (Str +4, Int/Dex
                  | -1) [potion of mutation]
  2543 | D:2      | Gained mutation: You are robust. (+10% HP) [potion of
                  | mutation]
  2702 | D:3      | Found Janib's Jewellery Shop.
  2711 | D:3      | Found Kuar's Jewellery Boutique.
  2875 | D:3      | Found Zyskustre's Antique Weapon Shop.
  2897 | D:3      | Found Elailiep's Magic Scroll Shop.
  2903 | D:3      | Found Wikeh's Jewellery Shoppe.
  2919 | D:3      | Reached skill level 1 in Hexes
  3052 | D:3      | Noticed an ogre
  3067 | D:3      | Killed an ogre
  3068 | D:3      | Reached XP level 5. HP: 34/34 MP: 0/8
  3128 | D:3      | Noticed Grinder
  3393 | D:4      | Noticed a phantom
  3731 | D:3      | Bought the ring of the Mage {Wiz Archmagi} for 510 gold
                  | pieces
  3731 | D:3      | Found the ring of the Mage {Wiz Archmagi}
  3830 | D:3      | Found a shimmering blue altar of Sif Muna.
  3909 | D:3      | Paralysed by Grinder for 4 turns
  3935 | D:3      | Killed Grinder
  3936 | D:3      | Reached XP level 6. HP: 30/39 MP: 0/10
  4116 | D:4      | Reached XP level 7. HP: 45/45 MP: 3/11
  4530 | D:5      | Entered Level 5 of the Dungeon
  4538 | D:5      | Reached skill level 5 in Hexes
  4855 | D:5      | Reached XP level 8. HP: 50/50 MP: 3/14
  5128 | D:5      | Reached skill level 5 in Spellcasting
  6650 | D:6      | Reached XP level 9. HP: 56/56 MP: 9/18
  6732 | D:6      | Reached skill level 1 in Fighting
  7604 | D:6      | Found a broken altar of Ashenzari.
  7838 | D:3      | Bought a ring of see invisible for 165 gold pieces
  7869 | D:3      | Bought a ring of magical power for 260 gold pieces
  7980 | D:7      | Found Bicsyux's Neck Hole.
  8134 | D:7      | Found an ancient bone altar of Kikubaaqudgha.
  8139 | D:7      | Found a shimmering altar of Xom.
  8157 | D:7      | Found an opulent altar of Gozag.
  8161 | D:7      | Found an iron altar of Okawaru.
  8186 | D:7      | Found a hide-covered altar of Uskayaw.
  8197 | D:7      | Found a sacrificial altar of Ru.
  8207 | D:7      | Found a staircase to the Ecumenical Temple.
  8228 | Temple   | Entered the Ecumenical Temple
  8295 | D:7      | Noticed Duvessa
  8297 | D:7      | Noticed Dowan
  8304 | D:7      | Killed Duvessa
  8306 | D:7      | Killed Dowan
  8356 | D:7      | Found a glowing silver altar of Zin.
  8489 | D:7      | Reached skill level 5 in Dodging
  8502 | D:7      | Noticed an ice statue
  8509 | D:7      | Killed an ice statue
  8510 | D:7      | Reached skill level 5 in Fighting
  8625 | D:7      | Found a basalt altar of Yredelemnul.
  8958 | D:8      | Reached XP level 10. HP: 58/73 MP: 19/19
  9087 | D:8      | Found a sand-covered staircase.
  9124 | Ossuary  | Entered an ossuary
 10412 | D:8      | Found a runed translucent gate.
 10412 | D:8      | Found a runed translucent gate.
 10413 | D:8      | Found a runed translucent gate.
 10413 | D:8      | Noticed Psyclone's ghost (novice OpCj)
 10433 | D:8      | Learned a level 5 spell: Irradiate
 10517 | D:3      | Bought the ring of Elyvilon's Respect {Wiz +Blink Will-
                  | rCorr Slay+6} for 776 gold pieces
 10968 | D:9      | Reached skill level 1 in Transmutations
 11231 | D:9      | Noticed an elephant
 11501 | D:9      | Noticed Joseph
 11503 | D:9      | Noticed Erolcha
 11535 | D:9      | Killed Joseph
 11536 | D:9      | Reached XP level 11. HP: 63/84 MP: 20/20
 11559 | D:9      | Killed Erolcha
 11560 | D:9      | Reached skill level 5 in Transmutations
 11717 | D:9      | Noticed Maggie
 11725 | D:9      | Killed Maggie
 11895 | D:9      | Identified the +8 broad axe "Qehipp" {holy, *Noise rPois
                  | Dex+6}
 11993 | D:9      | Found a staircase to the Lair.
 12242 | D:9      | Identified 3 scrolls of acquirement
 12243 | D:9      | Acquired the +3 buckler of Hufac {rC+}
 12252 | D:9      | Acquired the +18 shield of the Gong {Loud rN+ Will+ rCorr
                  | EV-5}
 12252 | D:9      | Found the +18 shield of the Gong {Loud rN+ Will+ rCorr
                  | EV-5}
 12254 | D:9      | Acquired a book of Annihilations
 12633 | D:10     | Entered Level 10 of the Dungeon
 12722 | D:10     | Noticed Snorg
 12727 | D:10     | Noticed Nergalle
 12729 | D:10     | Noticed a spectral orc warlord
 12731 | D:10     | HP: 3/81 [Snorg (18)]
 12731 | D:10     | Demolished by a spectral orc warlord

Illustrated notes

Levels and vault maps discovered:
D:1:      lightli_arrival_isolated_outpost, layout_basic
D:2:      minmay_alternating_diamond, layout_basic, basic_altar,
          basic_ecumenical_altar, serial_forest, infiniplex_forest_end_2,
          infiniplex_forest_clump_curved, infiniplex_forest_lined_2,
          infiniplex_forest_pool, infiniplex_forest_lined_3,
          infiniplex_forest_clump_curved
D:3:      layout_rooms, led_sif_pool, serial_shops,
          nicolae_shop_window_shopping, shop, shop,
          nicolae_shop_just_a_little_nook, nicolae_shop_real_fake_doors,
          minmay_misc_feat_x, st_stairs_9, uniq_grinder
D:4:      layout_loops_ring, minivault_11
D:5:      layout_loops_ring
D:6:      layout_layer_cave, general_overflow_altar
D:7:      lemuel_ice_statue, layout_basic, mainiacjoe_overflow_surrounded_room,
          nicolae_overflow_hallway_of_the_gods,
          yredelemnul_forgotten_temple_becter,
          nicolae_shop_sticking_my_neck_out, uniq_duvessa
D:8:      layout_basic, enter_ossuary_3, gammafunk_ghost_nasty_kobolds,
          serial_rivers, chequers_serial_rivers_micro_a,
          chequers_serial_rivers_small_b, chequers_serial_rivers_micro_d,
          chequers_serial_rivers_room_a, chequers_serial_rivers_room_a
D:9:      layout_irregular_city, david_lair_generic, uniq_erolcha, uniq_maggie,
          uniq_joseph
D:10:     layout_loops_ring, nicolae_qazlal_scattered_showers, uniq_fannar,
          uniq_nergalle, uniq_snorg
Temple:   minmay_freezing_vapour_temple

Skill      XL: |  1  2  3  4  5  6  7  8  9 10 11 |
---------------+----------------------------------+-----
Conjurations   | 5 6 7 8 |  8.0
Hexes          | 2 4 6 |  6.0
Spellcasting   | 3 4 6 |  6.8
Fighting       | 5 8 |  8.0
Dodging        | 6 8 |  8.0
Transmutations | 4 6 |  6.0
Stealth        | |  2.6
Shields        | |  0.7

Action                     |  1- 3 |  4- 6 |  7- 9 | 10-12 || total
---------------------------+-------+-------+-------+-------++-------
  Melee: Unarmed           |    21 |       |       |       ||    21
         Tentacles         |     4 |       |     4 |    21 ||    29
         Constrict         |     3 |     1 |     3 |    10 ||    17
         Punch             |     1 |       |       |     1 ||     2
         Dagger            |       |     7 |    18 |    43 ||    68
   Cast: Magic Dart        |    68 |    48 |    53 |    46 ||   215
         Searing Ray       |       |     8 |    37 |    58 ||   103
         Fulminant Prism   |       |     4 |    22 |    30 ||    56
         Irradiate         |       |       |       |     3 ||     3
    Use: Potion            |       |     1 |     1 |     4 ||     6
         Scroll            |       |       |     4 |    13 ||    17
   Stab: Sleeping          |       |     1 |     3 |     2 ||     6
         Distracted        |       |       |       |     1 ||     1
 Armour: Skin              |     2 |     3 |     4 |    14 ||    23
  Dodge: Dodged            |    19 |     9 |    45 |   130 ||   203
  Block: Buckler           |       |       |       |     8 ||     8
